 Dungeon Crawl Stone Soup version 0.26.0-45-g9c1d065592 (webtiles) character file.

Game seed: 6264850868928391592

130 Gauvater the Skirmisher (level 4, 0/40 HPs)
             Began as a Palentonga Fighter on Jan 28, 2021.
             Slain by an adder (3 damage)
             ... on level 3 of the Dungeon.
             The game lasted 00:10:37 (2226 turns).

Gauvater the Skirmisher (Palentonga Fighter)        Turns: 2226, Time: 00:10:37

Health: 0/40       AC:  6    Str: 21    XL:     4   Next: 90%
Magic:  4/4        EV:  6    Int:  8    God:
Gold:   20         SH:  9    Dex:  9    Spells: 3/3 levels left

rFire    . . .     SeeInvis +   a - +0 war axe
rCold    . . .     Faith    .   c - +0 kite shield
rNeg     . . .     Spirit   .   b - +0 scale mail
rPois    .         Reflect  .   (no helmet)
rElec    .         Harm     .   (no cloak)
rCorr    .         Rampage  .   (no gloves)
Will     .....                  (no barding)
Stlth    ..........             (no amulet)
HPRegen  0.13/turn              (no ring)
MPRegen  0.09/turn              (no ring)

@: no status effects
A: large, rugged brown scales 3, see invisible, deformed body, roll 1, armoured
tail
a: Rolling Charge


You were on level 3 of the Dungeon.
You visited 1 branch of the dungeon, and saw 3 of its levels.

You collected 20 gold pieces.

Inventory:

Hand Weapons
 a - a +0 war axe (weapon)
 o - a +0 hunting sling
Missiles
 h - 8 boomerangs
 k - 48 stones
 p - 23 sling bullets
Armour
 b - a +0 scale mail (worn)
 c - a +0 kite shield (worn)
Scrolls
 j - a scroll of enchant armour {unknown}
 l - 3 scrolls of remove curse {unknown}
 m - 2 scrolls of enchant weapon {unknown}
 n - a scroll of identify {unknown}
 q - a scroll of blinking {unknown}
Potions
 d - a potion of might
 e - 4 potions of curing
 f - a potion of brilliance {unknown}
 g - a potion of invisibility {unknown}
 i - a potion of flight {unknown}


   Skills:
 + Level 3.5 Fighting
 + Level 3.4 Axes
 - Level 0.1 Slings
 + Level 2.9 Armour
 + Level 0.8 Dodging
 + Level 2.9 Shields


You had 3 spell levels left.
You didn't know any spells.
Your spell library was empty.

Dungeon Overview and Level Annotations

Branches:
Dungeon (3/15)

Altars:
Ashenzari
Gozag

Annotations:
D:3 Grinder


Innate Abilities, Weirdness & Mutations

You are completely covered in rugged brown scales. (AC +3, +7% HP)
You have supernaturally acute eyesight. (SInv)
Armour fits poorly on your strangely shaped body.
You can roll at nearby foes to attack.
You have a long armoured tail.


Message History

You kill the hobgoblin!
You miss the adder.
Your shield and scale mail prevent you from hitting the frilled lizard.
You hit the worm. The adder bites you but does no damage.
The frilled lizard barely misses you. You block the worm's attack.
The adder barely misses you. The frilled lizard bites you.
* * * LOW HITPOINT WARNING * * *
A kobold comes into view. It is wielding a +0 short sword.
The kobold shouts!
The adder bites you but does no damage. The worm bites you.
* * * LOW HITPOINT WARNING * * *
Things that are here:
a +0 club; a hobgoblin corpse The adder bites you.
* * * LOW HITPOINT WARNING * * *
The goblin hits you but does no damage.
Found a ring mail.
Found a stone staircase leading down.
The kobold shouts!
The adder bites you.
You die...

###########
#.........#
#.........#
#.........#
#......5..# #
.........<.# ..##
...###..lgw##.....
^. ###.###S.....#
. #.....@........
............####
.#.........K#
#.............
#.............
.......K........
.....>..........
.#.#.#.###.....


You could see a worm, an adder and 2 kobolds.

Vanquished Creatures
  Terence (D:2)
  Robin (D:2)
  3 adders (D:2)
  An ooze (D:1)
  A dart slug (D:3)
  A worm (D:2)
  A leopard gecko (D:2)
  6 bats
  3 giant cockroaches
  7 hobgoblins
  2 jackals (D:1)
  3 kobolds
  A ball python (D:1)
  A frilled lizard (D:2)
  18 goblins
  5 rats
55 creatures vanquished.

Vanquished Creatures (others)
  8 plants (D:2)
8 creatures vanquished.

Grand Total: 63 creatures vanquished

Notes
Turn   | Place    | Note
-------+----------+-------------------------------------------
     0 | D:1      | Gauvater the Palentonga Fighter began the quest for the
                  | Orb.
     0 | D:1      | Reached XP level 1. HP: 20/20 MP: 1/1
   201 | D:1      | Reached XP level 2. HP: 27/27 MP: 2/2
   508 | D:1      | Reached XP level 3. HP: 33/33 MP: 3/3
  1081 | D:2      | Found a broken altar of Ashenzari.
  1195 | D:2      | Noticed Robin
  1200 | D:2      | Killed Robin
  1204 | D:2      | Reached XP level 4. HP: 34/40 MP: 4/4
  1221 | D:2      | Noticed Terence
  1481 | D:2      | Killed Terence
  1567 | D:2      | Found an opulent altar of Gozag.
  2007 | D:3      | Noticed Grinder
  2010 | D:3      | Paralysed by Grinder for 5 turns
  2226 | D:3      | Slain by an adder

Illustrated notes

Levels and vault maps discovered:
D:1:      ncdulo_halloftheorcs, layout_loops_cross,
          minmay_misc_feat_four_crosses
D:2:      layout_loops_ring, nicolae_ashenzari_panopticon, grunt_gozag_statues,
          guppyfry_early_lair_pool, uniq_terence, uniq_robin
D:3:      layout_rooms, chequers_ecumenical_altar_simple, uniq_grinder

Skill      XL: |  1  2  3  4 |
---------------+-------------+-----
Axes           | 3 |  3.4
Fighting       | |  3.5
Slings         | |  0.1
Armour         | |  2.9
Dodging        | |  0.8
Shields        | |  2.9

Action                   |  1- 3 |  4- 6 || total
-------------------------+-------+-------++-------
Melee: War axe           |   102 |    46 ||   148
       Tailslap          |     4 |     8 ||    12
 Fire: Hunting sling     |       |     9 ||     9
 Abil: Rolling Charge    |    22 |     3 ||    25
  Use: Potion            |     1 |       ||     1
Armor: Scale mail        |    56 |    33 ||    89
Dodge: Dodged            |    16 |    13 ||    29
Block: Kite shield       |    52 |    22 ||    74
